 Dungeon Crawl Stone Soup version 0.31-a0-236-g9a0961fb85 (webtiles) character file.

Game seed: 8984556222205407389

112 BubbleThief the Insei (level 4, 0/30 HPs)
             Began as an Octopode Transmuter on July 11, 2023.
             Slain by Robin
             ... wielding a +0 whip
              (6 damage)
             ... on level 3 of the Dungeon.
             The game lasted 00:03:23 (1866 turns).

BubbleThief the Insei (Octopode Transmuter)         Turns: 1866, Time: 00:03:24

Health: 0/30       AC:  1    Str: 11    XL:     4   Next: 95%
Magic:  5/7        EV: 13    Int: 15    God:
Gold:   87         SH:  0    Dex: 12    Spells: 4/7 levels left

rFire   . .          .
                       - Unarmed
rCold   . . .        (no shield)
rNeg    . . .        (helmet currently unavailable)
rPois   .            (no amulet)
rElec   .            (no ring)
rCorr   .            (no ring)
SInv    .            (no ring)
Will    .....        (no ring)
Stlth   ++           (no ring)
HPRegen 0.25/turn    (no ring)
MPRegen 0.10/turn    (no ring)
                     (no ring)

%: no passive effects
@: appendages, wereblooded, attractive
A: tentacle spike 3, almost no armour, amphibious, 8 rings, camouflage 1,
gelatinous body 1, (nimble swimmer 1), tentacles
a: End Transformation


You were on level 3 of the Dungeon.
One of your tentacles had grown a beastly spike.
You visited 1 branch of the dungeon, and saw 3 of its levels.

You collected 87 gold pieces.

Inventory:

Scrolls
 b - a scroll of identify
 e - a scroll of immolation {unknown}
 h - a scroll of torment {unknown}
Potions
 a - a potion of lignification
 c - a potion of brilliance
 f - a potion of invisibility {unknown}
 g - a potion of heal wounds {unknown}
 i - a potion of mutation {unknown}


   Skills:
 + Level 2.7 Fighting
 - Level 2.0 Dodging
 + Level 3.9 Unarmed Combat
 - Level 2.0 Spellcasting
 + Level 3.2 Transmutations


You had 4 spell levels left.
You knew the following spells:

 Your Spells              Type           Power      Damage    Failure   Level
a - Beastly Appendage     Tmut           22%        N/A       6%          1
b - Wereblood             Tmut           11%        N/A       9%          2

Your spell library contained the following spells:

 Spells                   Type           Power      Damage    Failure   Level
 Spider Form              Tmut/Pois      6%         N/A       34%         3
 Ice Form                 Ice/Tmut       6%         N/A       75%         4


Dungeon Overview and Level Annotations

Branches:
Dungeon (3/15)

Altars:

Annotations:
D:3 Robin


Innate Abilities, Weirdness & Mutations

One of your tentacles has grown a beastly spike.
You cannot wear most types of armour.
You are amphibious.
You can wear up to eight rings at the same time.
Your skin changes colour to match your surroundings (Stealth+).
Your rubbery body absorbs attacks. (AC +1, EV +1)
((You are camouflaged when in or above water. (Stealth+)))
You have tentacles for arms and can constrict up to eight enemies at once.


Message History

* * * LOW HITPOINT WARNING * * *
You howl as the wereblood boils in your veins!
Unknown command.
You bludgeon the hobgoblin!
You feel a bit better.
You kill the hobgoblin!
Robin throws the goblin at you!
Unknown command.
You barely miss the quokka. Your grab misses the quokka.
You hear a shout!
The goblin unwields a +0 sling.
The goblin wields a +0 dagger.
The goblin hits you with a +0 dagger.
* * * LOW HITPOINT WARNING * * *
The quokka barely misses you.
Unknown command.
You closely miss the goblin. Your grab misses the goblin.
Your tentacle spike misses the goblin.
The goblin hits you with a +0 dagger.
* * * LOW HITPOINT WARNING * * *
The quokka bites you.
* * * LOW HITPOINT WARNING * * *
You bludgeon the goblin!
You feel a bit better.
You kill the goblin!
You hear a shout!
The quokka closely misses you.
You tentacle-slap the quokka. You grab the quokka.
You pierce the quokka.
You feel a bit better.
You kill the quokka!
You howl as the wereblood boils in your veins!
It was a potion of attraction.
You feel attractive to monsters.
You closely miss Robin. Your grab misses Robin.
You pierce Robin!
Robin is heavily wounded.
Robin throws the goblin at you!
* * * LOW HITPOINT WARNING * * *
The goblin hits you but does no damage.
A goblin comes into view. It is wielding a +0 dagger.
You tentacle-slap Robin but do no damage.
You grab Robin. You tentacle-slap Robin.
Robin is severely wounded.
You constrict Robin. Robin hits you with a +0 whip.
You die...

.......#........#####......
......................#8###
...................)..#####
......#............##......
##.................#......#
####.#+#...................#
#...........................
..........)##.#.######.####.
..........g@gg.........####.
.........####g..##..##......
......#######.......##......
......####..................
o###.........g.............#
#.........g.............#
.......<........##..###
.###g........... #.##
.g............##.#


You could see Robin, a hobgoblin (strong) and 2 goblins.

Vanquished Creatures
  A jelly (D:3)
  An adder (D:2)
  A worm (D:3)
  An orc (D:3)
  7 bats
  4 endoplasms
  A giant cockroach (D:3)
  6 goblins
  10 hobgoblins
  A jackal (D:1)
  8 kobolds
  6 quokkas
  3 ball pythons
  3 frilled lizards
  8 rats
61 creatures vanquished.

Notes
Turn   | Place    | Note
-------+----------+-------------------------------------------
     0 | D:1      | BubbleThief the Octopode Transmuter began the quest for the
                  | Orb.
     0 | D:1      | Reached XP level 1. HP: 13/13 MP: 3/3
   156 | D:1      | Reached XP level 2. HP: 18/18 MP: 3/5
   376 | D:1      | Reached XP level 3. HP: 22/24 MP: 4/6
   825 | D:2      | Learned a level 2 spell: Wereblood
  1188 | D:2      | Reached XP level 4. HP: 29/29 MP: 5/7
  1845 | D:3      | Noticed Robin
  1866 | D:3      | Slain by Robin

Illustrated notes

Levels and vault maps discovered:
D:1:      shiori_arrival_oz, layout_loops_ring, serial_park_tiny_2,
          minmay_ruptured
D:2:      minmay_angry_zag, layout_rooms
D:3:      layout_basic, mainiacjoe_overflow_concentric_impassable,
          nemelex_dance_club_becter, st_stairs_3, corexii_hall_statues_x,
          uniq_robin

Skill      XL: |  1  2  3  4 |
---------------+-------------+-----
Fighting       | 2 |  2.7
Transmutations | 3 |  3.2
Dodging        | |  2.0
Unarmed Combat | |  3.9
Spellcasting   | |  2.0

Action                     |  1- 3 |  4- 6 || total
---------------------------+-------+-------++-------
  Melee: Unarmed           |    86 |    38 ||   124
         Kick              |    27 |     7 ||    34
         Constrict         |    24 |     7 ||    31
         Tentacles         |    11 |     4 ||    15
         Punch             |     4 |     2 ||     6
   Cast: Beastly Appendage |    23 |     7 ||    30
         Wereblood         |       |     2 ||     2
    Use: Scroll            |     5 |       ||     5
         Potion            |       |     1 ||     1
   Stab: Sleeping          |     3 |     1 ||     4
 Armour: Skin              |    10 |     2 ||    12
  Dodge: Dodged            |    46 |    19 ||    65

Table legend: (Time is in decaauts)
 A = Elapsed time spent in this place.
 B = Non-inter-level travel time spent in this place.
 C = Inter-level travel time spent in this place.
 D = Time resting spent in this place.
 E = Time spent auto-exploring this place.
 F = Levels seen in this place.
 G = Mean time per level.
                   A        B        C        D        E       F      G
               +--------+--------+--------+--------+--------+-----+--------+
         Total |   1857 |   1791 |     66 |     82 |   1335 |   3 |  619.0 |
       Dungeon |   1857 |   1791 |     66 |     82 |   1335 |   3 |  619.0 |
               +--------+--------+--------+--------+--------+-----+--------+

Top non-repeatable levels by time:
     D:1: 806 daAuts
     D:2: 698 daAuts
     D:3: 352 daAuts
